Map: Orbital Shipyard (3.1.0 Balance v1.1)

Players

lesha

  • Race: Terran Terran
  • League: Silver

StranaOz - Winner!

  • Race: Zerg Zerg
  • League: Gold

VOD

Have the link to the VOD?

Description

Time

  • Played on: Dec. 25, 2015, 4:42 a.m.
  • Length: 13:29
Show
View Real Time Build Order
Export as new Build Order

lesha Terran 

Build Orders: Reaper Expand, MMM Bio 

Get SALT Encoding   

  12  0:01  SCV  
  13  0:13  SCV  
  14  0:18  Supply Depot  
  14  0:26  SCV  
  15  0:39  SCV  
  15  0:41  Barracks  
  16  0:47  Refinery  
  16  0:52  SCV  
  17  1:04  SCV  
  18  1:16  SCV  
  19  1:33  Command Center  
  19  1:35  Reaper  
  20  1:40  Orbital Command  
  20  1:50  Supply Depot  
  20  2:07  SCV  
  21  2:10  Barracks  
  21  2:12  Marine  
  22  2:19  SCV  
  23  2:27  Factory  
  23  2:31  SCV  
  24  2:43  SCV  
  25  2:49  Marine  
  26  3:09  SCV  
  27  3:14  Marine  
  27  3:15  Marine  
  27  3:17  Hellion  
  31  3:21  SCV  
  31  3:24  Refinery  
  31  3:26  Starport  
  32  3:33  SCV  
  33  3:46  Orbital Command  
  33  3:50  Factory Tech Lab, Barracks Reactor  
  33  3:52  Barracks Tech Lab  
  33  4:06  SCV  
  34  4:12  Orbital Command  
  34  4:13  Marauder  
  34  4:14  Siege Tank  
  39  4:18  SCV  
  40  4:30  SCV  
  41  4:35  Marine x3  
  44  4:39  Medivac  
  46  4:48  Supply Depot x2  
  46  4:49  Supply Depot  
  46  4:53  Supply Depot, Barracks x2  
  46  4:54  Barracks  
  46  5:09  SCV x2  
  48  5:16  Marine x2  
  48  5:17  Marauder  
  48  5:18  Starport Reactor  
  52  5:21  SCV x2  
  54  5:34  SCV x2  
  56  5:36  Marine  
  56  5:37  Marine  
  56  5:38  Siege Tank  
  61  5:45  Refinery  
  61  5:46  SCV  
  61  5:47  Refinery  
  62  5:53  Supply Depot  
  62  6:09  Barracks Reactor, Marine  
  62  6:10  Barracks Reactor  
  63  6:31  SCV x2  
  65  6:38  Stimpack  
  65  6:43  SCV x2  
  67  6:48  Engineering Bay  
  67  6:50  Engineering Bay  
  67  6:53  Marine  
  67  6:54  Marine x4  
  69  6:55  Barracks Reactor  
  69  6:56  Medivac x2  
  69  6:58  Command Center, Marine x2  
  78  7:11  Marine x3  
  78  7:12  Marine x2  
  83  7:16  Marauder  
  83  7:21  SCV x2  
  87  7:33  SCV x2  
  87  7:34  Marine  
  87  7:35  Marine x6  
  96  7:40  Terran Infantry Weapons Level 1  
  96  7:45  SCV x2  
  96  7:47  Terran Infantry Armor Level 1  
  96  7:48  Marine  
  96  7:50  Marauder  
  77  8:38  Marine x6  
  77  8:39  Medivac, Marine  
  77  8:40  Medivac  
  88  8:42  Combat Shields  
  88  8:54  Marine  
  89  9:01  Missile Turret x2  
  69  9:05  Missile Turret  
  69  9:07  Missile Turret x2  
  69  9:08  Missile Turret  
  69  9:09  Missile Turret  
  69  9:10  Missile Turret  
  69  9:13  Missile Turret  
  69  9:15  Missile Turret, Marine x4  
  69  9:16  Missile Turret x2, Marine x4  
  79  9:17  Marauder  
  79  9:20  Medivac  
  81  9:26  Medivac  
  83  9:34  SCV x2  
  85  9:40  Orbital Command  
  75  9:46  SCV x2  
  75  9:48  Siege Tank  
  75  9:50  Marine x3  
  83  9:59  Marine x3  
  84  10:00  Marine x3  
  84  10:04  SCV x2  
  81  10:13  Marine x3  
  75  10:16  SCV  
  75  10:17  Marine x3  
  75  10:21  Siege Tank  
  67  10:33  Marine x6  
  67  10:35  Marine x3  
  58  10:39  Orbital Command  
  58  10:41  Medivac  
  58  10:42  Medivac  
  54  10:51  Marine x5  
  54  10:53  Siege Tank  
  54  10:54  Marine x3  
  65  11:05  SCV x3  
  68  11:14  Marine x2  
  68  11:15  Armory, Marine x7  
  68  11:17  SCV x3  
  80  11:29  SCV x3  
  80  11:32  Marine  
  84  11:41  SCV  
  84  11:45  Marine  
  84  11:46  Marine x7  
  93  11:48  Medivac x2  
  93  11:50  Marine  
  98  11:59  Barracks  
  98  12:00  Barracks  
  98  12:03  Marine x2  
  98  12:04  Marine x2  
  102  12:14  Marine x2  
  102  12:15  Marine x3  
  105  12:21  Marine x2  
  92  12:23  Marine x2  
  92  12:27  Siege Tank  
  87  12:32  Marine x2  
  87  12:33  Marine x3  
  87  12:36  Viking x2  
  94  12:39  Marine x2  
  96  12:49  SCV x3  
  101  12:51  Marauder  
  101  12:57  Marine  
  101  12:58  Marine x3  
  105  12:59  Marine  
  105  13:01  SCV x3  
  105  13:03  Barracks Tech Lab  
  105  13:04  Barracks Tech Lab, Marine  
  105  13:05  Marine x2  
Show
View Real Time Build Order
Export as new Build Order

StranaOz Zerg - Winner!

Build Orders: Hatch First 

Get SALT Encoding   

  12  0:01  Drone  
  13  0:13  Overlord  
  13  0:21  Drone  
  14  0:32  Drone x2  
  16  0:39  Drone  
  17  0:55  Hatchery  
  16  1:08  Spawning Pool  
  16  1:10  Drone  
  16  1:19  Drone  
  16  1:20  Drone  
  16  1:24  Overlord  
  18  1:32  Drone  
  19  1:36  Extractor  
  18  1:43  Drone  
  19  1:58  Zergling x2  
  19  2:00  Queen  
  22  2:08  Queen  
  22  2:10  Zergling x4  
  26  2:18  Drone  
  27  2:25  Drone  
  28  2:30  Drone x2  
  30  2:43  Lair  
  30  2:53  Drone x4  
  34  3:01  Roach Warren  
  34  3:03  Drone  
  34  3:06  Drone  
  34  3:12  Extractor  
  34  3:15  Metabolic Boost  
  34  3:20  Queen  
  36  3:38  Overlord x2  
  36  3:52  Hatchery, Glial Reconstitution  
  35  3:56  Drone  
  36  4:06  Drone x3  
  36  4:09  Drone x5  
  44  4:10  Drone x4  
  44  4:15  Extractor  
  47  4:27  Roach x2  
  47  4:29  Overlord x2  
  51  4:39  Extractor  
  51  4:44  Roach  
  52  4:46  Overlord  
  52  4:47  Overlord x2  
  52  4:51  Drone  
  52  4:52  Drone  
  54  5:01  Spore Crawler  
  54  5:03  Spore Crawler  
  54  5:06  Drone x3  
  55  5:08  Roach x2  
  59  5:17  Queen  
  61  5:26  Hydralisk Den, Roach x2  
  64  5:29  Drone x2  
  64  5:32  Drone  
  64  5:33  Drone  
  68  5:56  Drone  
  70  5:57  Drone x5  
  70  5:58  Drone x6  
  70  6:01  Muscular Augments  
  76  6:38  Spire  
  72  6:51  Spore Crawler  
  71  6:55  Hydralisk, Roach x4  
  71  6:56  Hydralisk x6  
  71  6:57  Hydralisk x2  
  97  7:03  Overlord x5  
  97  7:04  Overlord  
  97  7:16  Roach, Extractor  
  98  7:24  Roach  
  98  7:25  Roach x4  
  108  7:41  Roach x6  
  108  7:42  Hydralisk x2, Roach x2  
  128  7:46  Drone  
  128  7:51  Drone x4  
  131  7:52  Drone  
  131  7:57  Mutalisk  
  100  8:26  Mutalisk x3  
  100  8:27  Mutalisk x4  
  96  8:30  Zergling x8  
  96  8:31  Zergling x4  
  114  8:41  Drone x5  
  116  8:46  Extractor  
  115  9:10  Roach  
  115  9:11  Roach x4, Zergling x6  
  115  9:12  Zergling x2  
  129  9:30  Zergling x6  
  130  9:38  Hatchery  
  116  10:06  Zergling x12  
  116  10:07  Roach x2, Zergling x2  
  109  10:08  Roach x4  
  111  10:29  Roach  
  111  10:30  Roach x6  
  102  11:02  Ravager x4  
  102  11:03  Ravager x5  
  102  11:04  Ravager x5  
  115  11:10  Mutalisk x2  
  115  11:11  Mutalisk x6  
  132  11:33  Zergling x10  
  132  11:34  Roach x5  
  132  11:35  Roach x2  
  151  12:06  Extractor x2  
  147  12:10  Queen  
  128  12:23  Roach x3  
  128  12:24  Roach x6  
  128  12:25  Roach x4  
  146  12:36  Roach x3  
  152  12:39  Overlord x2  
Tags
 
Add a new tag
Caveats
  • Supply blocks, unpowered buildings, or Contaminate may cause inaccurate times.
  • Supply counts are checked every 10 seconds.